 Dungeon Crawl Stone Soup version 0.24.0-1-gfbc8707122 (webtiles) character file.

Game seed: 2084478978639364326, levelgen mode: deterministic

64649 MTVSty1e the Severer (level 14, -6/129 HPs)
             Began as a Minotaur Fighter on Oct 28, 2019.
             Was a High Priest of Okawaru.
             Mangled by a phantasmal warrior (23 damage)
             ... led by a death knight
             ... on level 11 of the Dungeon.
             The game lasted 00:36:05 (23380 turns).

MTVSty1e the Severer (Minotaur Fighter)            Turns: 23380, Time: 00:36:06

Health: -6/129     AC: 24    Str: 26    XL:     14   Next: 72%
Magic:  21/21      EV: 10    Int:  5    God:    Okawaru [*****.]
Gold:   1513       SH: 12    Dex: 18    Spells: 13/13 levels left

rFire    + . .     SeeInvis .   a - +0 war axe (freeze)
rCold    + . .     Gourm    .   e - +0 shield
rNeg     + . .     Faith    .   X - +2 plate armour {rF+}
rPois    +         Spirit   .   F - +1 hat
rElec    .         Reflect  .   L - scarf {repulsion}
rCorr    .         Harm     .   u - +0 pair of gloves
MR       +....                  G - +0 pair of boots
Stlth    ..........             S - amulet of Modesty {RegenMP *Contam rPois MR+ Dex+8}
HPRegen  0.31/turn              z - ring "Zebleo" {rC+ rN+ Stlth+}
MPRegen  0.42/turn              M - +2 ring of slaying

@: vulnerable, heroism, repel missiles
A: retaliatory headbutt, horns 2
a: Heroism, Finesse, Renounce Religion


You were on level 11 of the Dungeon.
You worshipped Okawaru.
Okawaru was extremely pleased with you.
You were not hungry.

You visited 4 branches of the dungeon, and saw 20 of its levels.
You also visited: Sewer and Ossuary.

You collected 1963 gold pieces.
You spent 450 gold pieces at shops.

Inventory:

Hand Weapons
 a - a +0 war axe of freezing (weapon)
 O - a +1 hand axe of flaming
Armour
 e - a +0 shield (worn)
 p - a +0 chain mail of cold resistance
 u - a +0 pair of gloves (worn)
 F - a +1 hat (worn)
 G - a +0 pair of boots (worn)
 L - a scarf of repulsion (worn)
 N - the +3 cloak "Gussaop" {-Cast rElec Int+4 Dex+5}
   (You found it on level 8 of the Dungeon)

   It affects your intelligence (+4).
   It affects your dexterity (+5).
   It insulates you from electricity.
   It prevents spellcasting.
 X - a +2 plate armour of fire resistance (worn)
Jewellery
 h - an uncursed ring of see invisible
 q - an uncursed ring of protection from magic
 z - the ring "Zebleo" (left hand) {rC+ rN+ Stlth+}
   (You acquired it on level 11 of the Dungeon)

   [ring of stealth]

   It protects you from cold.
   It protects you from negative energy.
   It makes you more stealthy.
 K - an uncursed ring of protection from cold
 M - a +2 ring of slaying (right hand)
 S - the amulet of Modesty (around neck) {RegenMP *Contam rPois MR+ Dex+8}
   (You found it on level 8 of the Dungeon)

   [amulet of magic regeneration]

   It increases your magic regeneration.
   It affects your dexterity (+8).
   It protects you from poison.
   It affects your resistance to hostile enchantments.
   It causes magical contamination when unequipped.
 T - a +2 ring of evasion
 Z - an uncursed ring of see invisible
Wands
 c - a wand of polymorph (4)
 k - a wand of iceblast (12)
 A - a wand of flame (23)
 E - a wand of clouds (6)
 Q - a wand of scattershot (11)
 R - a wand of disintegration (13)
 W - a wand of acid (5)
Scrolls
 g - 8 scrolls of teleportation
 n - 2 scrolls of brand weapon
 r - 5 scrolls of magic mapping
 s - 5 scrolls of fog
 x - 8 scrolls of remove curse
 y - 4 scrolls of enchant armour
 B - 3 scrolls of amnesia
 C - 3 scrolls of enchant weapon
 J - 2 scrolls of vulnerability
 V - a scroll of identify
 Y - a scroll of fear
Potions
 b - 4 potions of lignification
 d - 7 potions of might
 i - 3 potions of flight
 j - 7 potions of curing
 l - 2 potions of mutation
 m - 4 potions of heal wounds
 o - 6 potions of haste
 t - 5 potions of brilliance
 v - 6 potions of magic
 w - 3 potions of agility
 D - a potion of berserk rage
 H - 2 potions of ambrosia
 I - a potion of cancellation
 P - 4 potions of invisibility
Comestibles
 f - 17 rations


   Skills:
 + Level 13.3(18.3) Fighting
 * Level 20.1(25.1) Axes
 + Level 13.3(18.3) Armour
 - Level 3.6(8.6) Shields
 + Level 10.9 Invocations


You had 13 spell levels left.
You didn't know any spells.
Your spell library contained the following spells:

 Spells                   Type           Power        Failure   Level  Hunger
 Corona                   Hex            #......      100%        1    ##.....
 Infusion                 Chrm           #...         100%        1    ##.....
 Sting                    Conj/Pois      #...         100%        1    ##.....
 Ensorcelled Hibernation  Hex/Ice        #.....       100%        2    ###....
 Poisonous Vapours        Pois/Air       #.....       100%        2    ###....
 Shroud of Golubria       Chrm/Tloc      #.....       100%        2    ###....
 Song of Slaying          Chrm           #.......     100%        2    ###....
 Sublimation of Blood     Necr           #.........   100%        2    ###....
 Confuse                  Hex            #.......     100%        3    ####...
 Dazzling Spray           Conj/Hex       #.....       100%        3    ####...
 Ignite Poison            Fire/Tmut/Pois #.......     100%        3    ####...
 Mephitic Cloud           Conj/Pois/Air  #.......     100%        3    ####...
 Regeneration             Chrm/Necr      #.........   100%        3    ####...
 Spectral Weapon          Hex/Chrm       #.......     100%        3    ####...
 Static Discharge         Conj/Air       #.......     100%        3    ####...
 Tukima's Dance           Hex            #.......     100%        3    ####...
 Cause Fear               Hex            #.........   100%        4    #####..
 Olgreb's Toxic Radiance  Pois           #.......     100%        4    #####..
 Petrify                  Tmut/Erth      #.......     100%        4    #####..
 Alistair's Intoxication  Tmut/Pois      #.......     100%        5    ######.
 Irradiate                Conj/Tmut      #.........   100%        5    ######.
 Lightning Bolt           Conj/Air       #.........   100%        5    ######.
 Silence                  Hex/Air        #.........   100%        5    ######.
 Venom Bolt               Conj/Pois      #.........   100%        5    ######.
 Yara's Violent Unravell  Hex/Tmut       #.........   100%        5    ######.
 Deflect Missiles         Chrm/Air       #.........   100%        6    #######
 Discord                  Hex            #.........   100%        8    #######
 Ignition                 Fire           #.........   100%        8    #######
 Shatter                  Erth           #.........   100%        9    #######
 Tornado                  Air            #.........   100%        9    #######


Dungeon Overview and Level Annotations

Branches:
Dungeon (12/15)            Temple (1/1) D:4            Lair (6/6) D:8
  Swamp (0/4) Lair:2        Snake (1/4) Lair:2        Slime (0/5) Lair:5
    Orc (0/2) D:12          Sewer (visited)         Ossuary (visited)

Altars:
Ashenzari
Cheibriados
Dithmenos
Elyvilon
Fedhas
Gozag
Hepliaklqana
Kikubaaqudgha
Makhleb
Nemelex Xobeh
Okawaru
Qazlal
Ru
Sif Muna
Trog
Uskayaw
Vehumet
Wu Jian
Xom
Yredelemnul
Zin
The Shining One
Jiyva

Shops:
D:5 *[=?   D:11 *

Annotations:
D:5 1 runed translucent door, EmberCloud's ghost, novice HOFi
D:9 2 transporters, 3 runed translucent doors, CPrA's ghost, novice MiHu


Innate Abilities, Weirdness & Mutations

You reflexively headbutt those who attack you in melee.
You have a pair of horns on your head.


Message History

You headbutt the death knight!!
The death knight is almost dead.
You hit the phantasmal warrior.
The death knight hits you with a +1 battleaxe!
The phantasmal warrior hits you!
* * * LOW HITPOINT WARNING * * *
Your magical defenses are stripped away!
You slash the death knight! You freeze the death knight.
You kill the death knight!
Okawaru accepts your kill.
You barely miss the phantasmal warrior.
You hit the phantasmal warrior but do no damage.
You headbutt the phantasmal warrior.
The phantasmal warrior is moderately damaged.
The phantasmal warrior hits you!!
* * * LOW HITPOINT WARNING * * *
You hit the phantasmal warrior but do no damage.
The phantasmal warrior is moderately damaged.
The phantasmal warrior hits you!!
You die...

###########################
..+.........#.............#
..#.........#.............#
..##........#.............#
####........#...@W...P∩P..#
...'........#....)...PPP..#
..##...##..##.....##......#
..##...##..##.....##..#####
..##......(.'..........#
...#.......######)##...#
...#.......##...[.##...#
...#.....[........##..##
...#...............####


You could see a phantasmal warrior.

Vanquished Creatures
  Rupert (Lair:5)
  Gastronok (D:9)
  Kirke (Lair:5)
  Fannar (D:12)
  A shambling mangrove (Lair:4)
  3 hydras (Lair:6)
  4 catoblepae
  A death knight (D:11)
  A two-headed ogre (D:8)
  8 death yaks
  Nergalle (Lair:3)
  An unseen horror (D:9)
  A phantasmal warrior (D:11)
  3 lindwurms
  A cyclops (D:8)
  3 oklob plants (Lair:4)
  4 manticores
  2 elephants (Lair:6)
  Joseph (D:7)
  An ugly thing (D:11)
  2 black mambas (Lair:6)
  4 torpor snails
  A gargoyle (D:11)
  4 rime drakes
  8 spiny frogs
  A freezing wraith (D:12)
  5 komodo dragons
  4 trolls
  10 polar bears
  2 queen bees
  3 hornets (Lair:4)
  17 blink frogs
  3 dream sheep (Lair:6)
  4 slime creatures (D:12)
  4 raiju (Lair:6)
  8 hippogriffs
  A wraith (D:11)
  2 wyverns
  18 yaks
  A steam dragon (D:12)
  5 basilisks
  5 hogs (Lair:5)
  6 wargs (Lair:6)
  2 insubstantial wisps (Lair:2)
  13 water moccasins
  11 hell hounds (Lair:6)
  A naga (Lair:2)
  3 orc warriors
  16 porcupines
  5 sky beasts
  16 black bears
  5 phantoms
  5 ice beasts
  2 necrophages
  34 wolves
  4 ogres
  10 centaurs
  A big kobold (D:10)
  12 crocodiles
  17 bullfrogs
  A water moccasin zombie (Ossuary)
  A wyvern skeleton (D:9)
  17 killer bees
  6 scorpions
  2 wights (D:8)
  4 howler monkeys
  2 electric eels (D:12)
  7 crimson imps
  4 jellies
  4 quasits
  Crazy Yiuf (D:3)
  A centaur zombie (D:8)
  2 bullfrog zombies
  7 hounds
  9 orc priests
  A bullfrog skeleton (D:6)
  2 centaur skeletons
  A gnoll shaman (D:10)
  7 orc wizards
  8 worker ants
  7 big kobold zombies (Ossuary)
  2 hound zombies
  3 mummies
  3 hound skeletons
  A worker ant zombie (D:8)
  5 gnolls (D:10)
  A howler monkey skeleton (D:4)
  3 river rats
  16 adders
  4 shadow imps
  2 oozes (D:3)
  8 adder zombies
  An adder skeleton (D:4)
  A worm (D:2)
  4 dart slugs
  7 leopard geckos
  42 orcs
  7 bats
  4 giant cockroaches
  7 gnoll zombies (Ossuary)
  7 goblins
  7 hobgoblins
  13 jackals
  4 quokkas
  14 ball pythons
  6 frilled lizards
  4 hobgoblin zombies (Ossuary)
  A jackal zombie (D:9)
  16 kobolds
  4 kobold zombies (Ossuary)
  A leopard gecko skeleton (D:7)
  4 orc zombies (Ossuary)
  30 rats
  7 fungi
  A plant (Lair:4)
649 creatures vanquished.

Vanquished Creatures (others)
  A shadow imp (D:12)
  17 fungi
  17 plants
35 creatures vanquished.

Grand Total: 684 creatures vanquished

Notes
Turn   | Place    | Note
-------+----------+-------------------------------------------
     0 | D:1      | MTVSty1e the Minotaur Fighter began the quest for the Orb.
     0 | D:1      | Reached XP level 1. HP: 19/19 MP: 0/0
    92 | D:1      | Reached skill level 3 in Axes
   113 | D:1      | Reached XP level 2. HP: 24/26 MP: 1/1
   189 | D:1      | Reached skill level 4 in Axes
   415 | D:1      | Reached XP level 3. HP: 28/31 MP: 2/2
   927 | D:2      | Reached skill level 5 in Axes
  1439 | D:3      | Reached XP level 4. HP: 32/39 MP: 3/3
  1876 | D:3      | Reached skill level 6 in Axes
  1928 | D:3      | Found a shimmering altar of Xom.
  1937 | D:3      | Reached XP level 5. HP: 43/45 MP: 4/4
  1941 | D:3      | Reached skill level 7 in Axes
  2192 | D:3      | Found a sparkling altar of Nemelex Xobeh.
  2288 | D:3      | Reached XP level 6. HP: 38/51 MP: 5/5
  2391 | D:3      | Found a runed translucent door.
  2392 | D:3      | Noticed Crazy Yiuf
  2401 | D:3      | Killed Crazy Yiuf
  2516 | D:4      | Reached skill level 8 in Axes
  2550 | D:4      | Found a hazy altar of Hepliaklqana.
  2560 | D:4      | Noticed a green death
  2561 | D:4      | Found a burning altar of Makhleb.
  2564 | D:4      | Found a glowing silver altar of Zin.
  2625 | D:4      | Found a glowing drain.
  2630 | Sewer    | Entered a sewer
  2820 | Sewer    | Reached skill level 9 in Axes
  2828 | Sewer    | Reached XP level 7. HP: 38/57 MP: 6/6
  3106 | D:4      | Noticed an angel
  3231 | D:4      | Reached skill level 10 in Axes
  3508 | D:4      | Found a staircase to the Ecumenical Temple.
  3517 | Temple   | Entered the Ecumenical Temple
  3608 | Temple   | Became a worshipper of Warmaster Okawaru
  3973 | D:5      | Entered Level 5 of the Dungeon
  3994 | D:5      | Reached skill level 11 in Axes
  3997 | D:5      | Reached XP level 8. HP: 61/64 MP: 7/7
  4017 | D:5      | Noticed EmberCloud's ghost (novice HOFi)
  4018 | D:5      | Found a runed translucent door.
  4093 | D:5      | Found Erash's General Store.
  4097 | D:5      | Found Givvo's Magic Scroll Emporium.
  4099 | D:5      | Found Centuam's Jewellery Emporium.
  4109 | D:5      | Found Jourij's Armour Emporium.
  4202 | D:5      | Found a sand-covered staircase.
  4210 | Ossuary  | Entered an ossuary
  4383 | Ossuary  | Reached skill level 12 in Axes
  4386 | Ossuary  | Reached * piety under Okawaru
  4846 | D:5      | Reached skill level 1 in Invocations
  5288 | D:6      | Found an opulent altar of Gozag.
  5889 | D:7      | Found a shattered altar of Ashenzari.
  5940 | D:7      | Reached ** piety under Okawaru
  5940 | D:7      | Reached XP level 9. HP: 64/72 MP: 9/9
  6221 | D:7      | Noticed Joseph
  6242 | D:7      | Killed Joseph
  6242 | D:7      | Reached skill level 5 in Fighting
  6242 | D:7      | Reached skill level 13 in Axes
  6242 | D:7      | Reached skill level 5 in Armour
  6878 | D:5      | Bought a scarf of repulsion for 156 gold pieces
  7018 | D:8      | Found a shadowy altar of Dithmenos.
  7071 | D:8      | Reached *** piety under Okawaru
  7095 | D:8      | Received a gift from Okawaru
  7445 | D:8      | Found a burning altar of Makhleb.
  7519 | D:8      | Found a staircase to the Lair.
  7524 | D:8      | Reached XP level 10. HP: 57/84 MP: 12/12
  7622 | D:8      | Reached skill level 14 in Axes
  7671 | D:8      | Received a gift from Okawaru
  7682 | D:8      | Got a shimmering cloak
  7685 | D:8      | Identified the +3 cloak "Gussaop" {-Cast rElec Int+4 Dex+5}
                  | (You found it on level 8 of the Dungeon)
  7919 | D:8      | Found a shimmering blue altar of Sif Muna.
  7920 | D:8      | Found a hide-covered altar of Uskayaw.
  7921 | D:8      | Found a sacrificial altar of Ru.
  7922 | D:8      | Found an ancient bone altar of Kikubaaqudgha.
  8376 | D:8      | You fall into a shaft and drop 1 floor!
  8376 | D:9      | Found a radiant altar of Vehumet.
  8376 | D:9      | Noticed an orc knight
  8387 | D:9      | Noticed a yaktaur captain
  8387 | D:9      | Noticed a manticore
  8389 | D:9      | Found a transporter.
  8398 | D:9      | Found a transporter.
  8530 | D:9      | Reached **** piety under Okawaru
  8530 | D:9      | Reached skill level 5 in Invocations
  8736 | D:9      | Found a runed translucent gate.
  8736 | D:9      | Found a runed translucent gate.
  8736 | D:9      | Found a runed translucent gate.
  8738 | D:9      | Noticed CPrA's ghost (novice MiHu)
  8739 | D:9      | Noticed a deep elf mage
  8773 | D:9      | Noticed Gastronok
  8795 | D:9      | Killed Gastronok
  8795 | D:9      | Reached ***** piety under Okawaru
  8795 | D:9      | Reached skill level 15 in Axes
  9345 | D:9      | Killed an unseen horror
  9345 | D:9      | Reached XP level 11. HP: 27/94 MP: 14/14
  9638 | D:10     | Entered Level 10 of the Dungeon
  9673 | D:10     | Received a gift from Okawaru
 10833 | D:11     | Identified 3 scrolls of acquirement
 10836 | D:11     | Got a flickering granite ring
 10845 | D:11     | Identified the ring "Zebleo" {rC+ rN+ Stlth+} (You acquired
                  | it on level 11 of the Dungeon)
 10861 | D:11     | Noticed a white ugly thing
 10872 | D:11     | Killed a white ugly thing
 11736 | D:11     | Found Xioju's Assorted Antiques.
 11978 | D:5      | Bought a +2 ring of slaying for 294 gold pieces
 12076 | D:8      | Reached skill level 16 in Axes
 12126 | D:8      | Received a gift from Okawaru
 12215 | D:8      | Noticed a two-headed ogre
 12224 | D:8      | Killed a two-headed ogre
 12227 | D:8      | Got a translucent graven amulet
 12232 | D:8      | Identified the amulet of Modesty {RegenMP *Contam rPois MR+
                  | Dex+8} (You found it on level 8 of the Dungeon)
 12538 | Lair:1   | Entered Level 1 of the Lair of Beasts
 12842 | Lair:1   | Noticed Sonja
 12845 | Lair:1   | Noticed Sonja
 12845 | Lair:1   | Sonja changed into Sonja the queen bee
 12857 | Lair:1   | Killed Sonja the queen bee
 12857 | Lair:1   | Reached XP level 12. HP: 95/106 MP: 16/16
 13365 | Lair:2   | Reached skill level 10 in Armour
 13371 | Lair:2   | Reached skill level 10 in Fighting
 13686 | Lair:2   | You fall into a shaft and drop 2 floors!
 13706 | Lair:3   | Noticed Nergalle
 13716 | Lair:3   | Killed Nergalle
 13726 | Lair:3   | Noticed a catoblepas
 13749 | Lair:3   | Killed a catoblepas
 13752 | Lair:3   | Reached skill level 17 in Axes
 13841 | Lair:3   | Reached ****** piety under Okawaru
 14037 | Lair:2   | Found a staircase to the Swamp.
 14129 | Lair:2   | Found a staircase to the Snake Pit.
 14385 | Lair:2   | Noticed a death yak
 14395 | Lair:2   | Killed a death yak
 14812 | Snake:1  | Entered Level 1 of the Snake Pit
 15270 | Lair:3   | Received a gift from Okawaru
 15986 | Lair:4   | Noticed a shambling mangrove
 15986 | Lair:4   | an oklob plant changed into a shambling mangrove
 16012 | Lair:4   | Killed a shambling mangrove
 16481 | Lair:4   | Reached XP level 13. HP: 79/116 MP: 18/18
 16840 | Lair:4   | Reached skill level 18 in Axes
 17485 | Lair:4   | Received a gift from Okawaru
 17596 | Lair:5   | Noticed Kirke
 17702 | Lair:5   | Killed Kirke
 17838 | Lair:5   | Found a viscous altar of Jiyva.
 17838 | Lair:5   | Found a staircase to the Slime Pits.
 18208 | Lair:5   | Noticed Rupert
 18223 | Lair:5   | Killed Rupert
 18788 | Lair:6   | Entered Level 6 of the Lair of Beasts
 19029 | Lair:6   | Received a gift from Okawaru
 19308 | Lair:6   | Reached skill level 19 in Axes
 19560 | Lair:6   | Reached skill level 10 in Invocations
 19737 | Lair:6   | Reached XP level 14. HP: 104/127 MP: 20/20
 20843 | Lair:6   | Received a gift from Okawaru
 22049 | Lair:6   | Received a gift from Okawaru
 22797 | D:12     | Found a staircase to the Orcish Mines.
 22811 | D:12     | Noticed Fannar
 22819 | D:12     | Reached skill level 20 in Axes
 22829 | D:12     | Killed Fannar
 23024 | D:12     | Received a gift from Okawaru
 23380 | D:11     | Mangled by a phantasmal warrior

Levels and vault maps discovered:
D:1:      minmay_arrival_four_circles, layout_loops_ring,
          corexii_hall_statues_x, serial_bayou_pond_b
D:2:      layout_loops_ring
D:3:      layout_loops_ring, led_xom_imps, first_ration,
          nemelex_dance_club_becter, uniq_crazy_yiuf_cottage
D:4:      layout_loops_ring, grunt_temple_overflow_order_and_chaos_2,
          nicolae_overflow_hidden_temple, minmay_temple_entry_junction,
          serial_aquarium, aquarium_bridge_long_joined
          [aquarium_subvault_bridge, aquarium_subvault_wall,
          aquarium_subvault_wall, aquarium_subvault_bridge,
          aquarium_subvault_bridge, aquarium_subvault_window],
          aquarium_window_1, aquarium_window_fake, aquarium_window_2,
          aquarium_window_corner, aquarium_view_2c, aquarium_pool_2,
          gup_sewer_entry_spiral
D:5:      layout_loops_cross, serial_glass, glass_columns_a, glass_columns_c,
          hellmonk_ghost_happy_afterlife, gup_ossuary_entry_pyramid,
          hangedman_abyss_or_decor_passed, chequers_big_river,
          minmay_shop_grid_forest
D:6:      layout_basic, lemuel_crystal_altar, serial_glass, glass_columns_a,
          glass_columns_a, glass_columns_b, glass_columns_b, glass_columns_b,
          glass_columns_b, glass_columns_c, glass_columns_b
D:7:      layout_basic, cheibrodos_ashenzari_chains, grunt_decor_mini_mirrors,
          uniq_joseph
D:8:      minmay_the_grid_four_pointed_star
          [minmay_the_grid_triangle_9x9_stretched_checkered,
          minmay_the_grid_triangle_9x9_shrine,
          minmay_the_grid_triangle_9x9_swiss_cheese,
          minmay_the_grid_triangle_9x9_intruding_spiral,
          minmay_the_grid_prize_shrinking_boxes], layout_loops_cross,
          minitemple, minmay_lair_entry_grove, serial_undead, serial_undead_c,
          serial_undead_b, serial_undead_d, serial_undead_a, david_nohive_1,
          nicolae_dithmenos_the_darkroom
D:9:      layout_basic, gammafunk_temple_overflow_arena, gammafunk_ghost_split,
          serial_curves, eino_curves_02, eino_curves_04, eino_curves_04,
          uniq_gastronok
D:10:     layout_basic
D:11:     layout_gridville, serial_shops, nicolae_shop_overgrown_old_shop
D:12:     layout_rooms, orc_0_dummy, minmay_crystal_water, uniq_fannar
Temple:   pf_slimified_temple
Lair:1:   layout_regular_city, grunt_megastairs_1, uniq_sonja
Lair:2:   layout_roguey, minmay_swamp_entry_wisps, guppyfry_snake_entry_island,
          grunt_megastairs_3
Lair:3:   layout_loops_ring, uniq_nergalle
Lair:4:   layout_cave_pods, minmay_lair_oklob_chamber,
          infiniplex_staircase_pool_2
Lair:5:   layout_small_grid, slime_altar_1, uniq_kirke, uniq_rupert
Lair:6:   hangedman_lair_in_review, layout_regular_city,
          hangedman_lair_caniforms_friends
Snake:1:  layout_layer_cave, guppyfry_library_mini

Skill      XL: |  1  2  3  4  5  6  7  8  9 10 11 12 13 14 |
---------------+-------------------------------------------+-----
Axes           | 3 4 5 6 7 9 11 12 13 15 16 17 19 20 | 20.1
Fighting       | 4 6 8 9 11 12 13 | 13.3
Armour         | 4 6 8 9 11 12 13 | 13.3
Invocations    | 2 4 5 7 8 10 | 10.9
Shields        | |  3.6

Action                   |  1- 3 |  4- 6 |  7- 9 | 10-12 | 13-15 || total
-------------------------+-------+-------+-------+-------+-------++-------
Melee: War axe           |   126 |   175 |   409 |   700 |   532 ||  1942
       Headbutt          |    21 |    20 |    75 |   176 |   167 ||   459
       Hand axe          |       |       |       |       |    31 ||    31
       Unarmed           |       |       |       |       |     3 ||     3
Invok: Heroism           |       |       |     3 |     8 |    12 ||    23
       Finesse           |       |       |       |     1 |     2 ||     3
Evoke: Wand              |       |       |       |    12 |       ||    12
  Use: Scroll            |       |     4 |     6 |    26 |     3 ||    39
       Potion            |       |       |     3 |     1 |     3 ||     7
 Stab: Sleeping          |       |       |       |     1 |       ||     1
       Petrified         |       |       |       |     1 |     7 ||     8
  Eat: Ration            |     1 |     1 |     2 |     6 |     6 ||    16
       Chunk             |       |       |     9 |     9 |     2 ||    20
Armor: Scale mail        |     2 |       |       |       |       ||     2
       Plate armour      |    67 |   105 |   256 |   356 |   300 ||  1084
Dodge: Dodged            |    19 |    38 |    60 |   104 |   125 ||   346
       Deflected         |       |       |       |    10 |     6 ||    16
Block: Shield            |    70 |    90 |   169 |   284 |   264 ||   877
